 Dungeon Crawl Stone Soup version 0.31-a0-174-g85c54bcb58 (webtiles) character file.

Game seed: 5713431962786273435

352 qw the Shooter (level 6, -3/39 HPs)
             Began as a Gargoyle Hunter on June 15, 2023.
             Was an Initiate of Okawaru.
             Slain by an orc warrior
             ... wielding a +3 battleaxe
              (9 damage)
             ... on level 4 of the Dungeon.
             The game lasted 00:01:04 (3044 turns).

qw the Shooter (Gargoyle Hunter)                    Turns: 3044, Time: 00:01:04

Health: -3/39      AC: 11    Str: 13    XL:     6   Next: 62%
Magic:  6/6        EV: 11    Int:  9    God:    Okawaru [......]
Gold:   63         SH:  0    Dex: 19    Spells: 5/5 levels left

rFire   . . .        Y - +2 shortbow
rCold   . . .        (shield currently unavailable)
rNeg    + . .        f - +0 ring mail
rPois   inf          (no helmet)
rElec   +            h - +1 cloak
rCorr   .            (no gloves)
SInv    .            (no boots)
Will    .....        n - amulet of faith
Stlth   +            (no ring)
HPRegen 0.26/turn    (no ring)
MPRegen 0.10/turn

%: faith
@: weak-willed
A: sickness immunity, AC +4, negative energy resistance 1, electricity
resistance, torment resistance 1, petrification resistance, iridescent scales 1,
agile 1, deformed body
a: Renounce Religion


You were on level 4 of the Dungeon.
You worshipped Okawaru.
Okawaru was noncommittal.
You visited 2 branches of the dungeon, and saw 6 of its levels.

You collected 145 gold pieces.
You spent 82 gold pieces at shops.


Innate Abilities, Weirdness & Mutations

You are immune to sickness and miasma.
Your stone body is resilient. (AC +4)
You are immune to poison.
You resist negative energy. (rN+)
You are resistant to electric shocks. (rElec)
You are resistant to unholy torment.
You are immune to petrification.
You are partially covered in iridescent scales. (AC +2)
You are agile. (Dex +4, Str/Int -1)
Armour fits poorly on your strangely shaped body.


   Skills:
 - Level 4.4 Fighting
 + Level 6.7 Ranged Weapons
 - Level 1.0 Armour
 - Level 1.5 Dodging
 - Level 1.1 Stealth


You had 5 spell levels left.
You didn't know any spells.
Your spell library was empty.

Inventory:

Hand Weapons
 Y - a +2 shortbow (weapon)
Armour
 f - a +0 ring mail (worn)
 h - a +1 cloak (worn)
Jewellery
 l - a ring of ice
 n - an amulet of faith (around neck)
Scrolls
 c - a scroll of identify
Potions
 a - a potion of attraction
 b - a potion of curing
 d - a potion of mutation
 i - a potion of brilliance {unknown}
 j - a potion of heal wounds {unknown}
 m - a potion of haste {unknown}

Dungeon Overview and Level Annotations

Branches:
Dungeon (5/15)             Temple (1/1) D:4

Altars:
Ashenzari
Cheibriados
Dithmenos
Elyvilon
Fedhas
Gozag
Hepliaklqana
Kikubaaqudgha
Nemelex Xobeh
Okawaru
Ru
Sif Muna
Trog
Uskayaw
Wu Jian
Yredelemnul
Zin
The Shining One

Shops:
D:3 ?


Message History

What level of the Dungeon? (default 1, ? - help)
There is a stone staircase leading down here.
You climb downwards.
The orc warrior shouts!
The orc shouts!
The orc priest shouts!
The orc shouts!
The orc priest shouts!
The adder hisses angrily.
The white imp shouts!
Found a ring mail, 2 glowing ruby potions and a hand axe.
There is a stone staircase leading up here.
There are monsters nearby!
Waypoint 5 assigned to D:5.
You shoot an arrow.
The arrow completely misses the orc warrior.
The orc hits you but does no damage.
The orc warrior hits you with a +3 battleaxe!
The white imp gestures at you. The puff of frost hits you.
The orc priest invokes the aid of Beogh against you.
Pain shoots through your body!
3039 ||| STAIRDANCE The orc hits you but does no damage.
The orc warrior closely misses you. The orc hits you but does no damage.
You climb upwards.
There is a stone staircase leading down here.
You shoot an arrow.
The arrow barely misses the orc warrior.
The orc closely misses you.
The orc warrior hits you with a +3 battleaxe!
The orc barely misses you.
You shoot an arrow.
The arrow closely misses the orc warrior.
The orc hits you but does no damage.
The orc warrior hits you with a +3 battleaxe!
The orc hits you with a +0 dagger.
You shoot an arrow.
The arrow closely misses the orc warrior.
The orc hits you with a +0 dagger. The orc warrior closely misses you.
The orc hits you but does no damage.
You shoot an arrow. The arrow hits the orc warrior.
The orc warrior is lightly wounded.
The orc hits you but does no damage.
The orc warrior hits you with a +3 battleaxe!
You die...

##############
#............#
#.########.#.#####
#.# #.#......# #^#
##.#.###.# #.#
#.#.# #!# #.#
#####.#.# #.# #.#
#oo...#.# #.# #.#
#@#####.# #.# #.#
#o# #.# #.######
#.# #.# #.#
#....... #.# #.#
#.# ########
#.####.#####.# #
#............# #
########.##### #
#.# ### #.# ##..


You could see an orc warrior and 2 orcs.

Vanquished Creatures
  An ice beast (D:4)
  A scorpion (D:4)
  2 hounds
  A sleepcap (D:4)
  An iguana (D:4)
  3 adders
  3 dart slugs (D:2)
  3 endoplasms
  4 giant cockroaches
  5 goblins
  4 hobgoblins
  6 jackals
  A quokka (D:4)
  5 ball pythons
  4 bats
  3 frilled lizards
  10 kobolds
  4 rats
61 creatures vanquished.

Notes
Turn   | Place    | Note
-------+----------+-------------------------------------------
     0 | D:1      | qw the Gargoyle Hunter began the quest for the Orb.
     0 | D:1      | Reached XP level 1. HP: 12/12 MP: 1/1
     0 | D:1      | 0 ||| qw: Version: 0.2-a-29-g511e9b1
     0 | D:1      | 0 ||| qw: Game counter: 5217
     0 | D:1      | 0 ||| qw: Always use a shield: true
     0 | D:1      | 0 ||| qw: God list: Okawaru
     0 | D:1      | 0 ||| qw: Allow faded altars: false
     0 | D:1      | 0 ||| qw: Do Orc after D:15 true
     0 | D:1      | 0 ||| qw: Do second Lair branch before Depths: true
     0 | D:1      | 0 ||| qw: Lair rune preference: random
     0 | D:1      | 0 ||| qw: Plans: Normal, Zot:1-4, Slime:5, God:TSO, Crypt,
                  | Tomb, Abyss, Pan, Hells, Win
     0 | D:1      | 0 ||| PLANNING D:1-11
   311 | D:1      | Found a faded altar of an unknown god.
   321 | D:1      | Reached XP level 2. HP: 8/17 MP: 2/2
   333 | D:1      | HP: 3/17 [goblin/+0 club (4)]
   782 | D:1      | 782 ||| UPGRADING to +0 ring mail.
   792 | D:1      | 792 ||| DROPPING +0 leather armour.
   793 | D:1      | 793 ||| READING scroll labelled INUUPR HYON.
   794 | D:1      | 794 ||| DROPPING scroll of butterflies.
   981 | D:2      | Reached XP level 3. HP: 21/21 MP: 3/3
  1005 | D:2      | Reached skill level 1 in Armour
  1015 | D:2      | 1015 ||| DRINKING 2 fuming grey potions.
  1105 | D:2      | Reached skill level 5 in Ranged Weapons
  1572 | D:2      | 1572 ||| UPGRADING to +0 cloak.
  1577 | D:2      | 1577 ||| READING scroll labelled PIDUIL UCISI.
  1578 | D:2      | 1578 ||| READING scroll labelled FASECKE KYOHE.
  1579 | D:2      | 1579 ||| READING scroll labelled EGHABO MATZYNN.
  1580 | D:2      | 1580 ||| READING scroll labelled NUUSME DUOSAE.
  1581 | D:2      | 1581 ||| READING 2 scrolls of identify.
  1581 | D:2      | 1581 ||| IDENTIFYING golden potion
  1683 | D:3      | Found a glowing golden altar of the Shining One.
  1683 | D:3      | Found a snail-covered altar of Cheibriados.
  1798 | D:3      | Found Poiwej Oge's Magic Scroll Emporium.
  1804 | D:3      | 1804 ||| SHOPLISTING scroll of brand weapon (104 gold, have
                  | 83).
  1804 | D:3      | 1804 ||| BUYING scroll of enchant armour (82 gold).
  1804 | D:3      | Bought a scroll of enchant armour for 82 gold pieces
  1804 | D:3      | 1804 ||| SHOPLISTING scroll of identify (22 gold, have 1).
  1804 | D:3      | 1804 ||| SHOPLISTING scroll of teleportation (33 gold, have
                  | 1).
  1804 | D:3      | 1804 ||| READING scroll of enchant armour.
  1804 | D:3      | 1804 ||| ENCHANTING +0 cloak.
  1974 | D:3      | Reached skill level 3 in Fighting
  1974 | D:3      | Reached XP level 4. HP: 28/28 MP: 4/4
  2213 | D:3      | 2213 ||| READING scroll labelled OVERCH QOAFIM.
  2214 | D:3      | 2214 ||| DRINKING 2 silvery potions.
  2214 | D:3      | Gained mutation: You are partially covered in iridescent
                  | scales. (AC +2) [potion of mutation]
  2214 | D:3      | Gained mutation: You are agile. (Dex +4, Str/Int -1)
                  | [potion of mutation]
  2214 | D:3      | Gained mutation: Armour fits poorly on your strangely
                  | shaped body. [potion of mutation]
  2307 | D:4      | 2307 ||| READING scroll of enchant weapon.
  2307 | D:4      | 2307 ||| ENCHANTING +1 shortbow.
  2331 | D:4      | Noticed an ice beast
  2339 | D:4      | Reached XP level 5. HP: 30/32 MP: 5/5
  2348 | D:4      | Killed an ice beast
  2349 | D:4      | Reached skill level 6 in Ranged Weapons
  2355 | D:4      | Reached XP level 6. HP: 25/38 MP: 6/6
  2413 | D:4      | Found a staircase to the Ecumenical Temple.
  2414 | D:4      | 2414 ||| PLANNING TEMPLE
  2414 | D:4      | 2414 ||| READING scroll labelled VILAIG HUGECK.
  2415 | D:4      | 2415 ||| READING 2 scrolls of identify.
  2415 | D:4      | 2415 ||| IDENTIFYING emerald potion
  2416 | D:4      | 2416 ||| DROPPING potion of degeneration.
  2427 | Temple   | Entered the Ecumenical Temple
  2428 | Temple   | 2428 ||| PLANNING OKAWARU WORSHIP
  2434 | Temple   | Became a worshipper of Warmaster Okawaru
  2435 | Temple   | 2435 ||| PLANNING D:1-11
  2480 | D:4      | Found a bloodstained altar of Trog.
  2594 | D:4      | Found a blossoming altar of Fedhas.
  2598 | D:4      | Found an ancient bone altar of Kikubaaqudgha.
  2603 | D:4      | Found a white marble altar of Elyvilon.
  3012 | D:4      | 3012 ||| UPGRADING to amulet of faith.
  3017 | D:4      | 3017 ||| READING scroll labelled ENTYHA USMEVI.
  3018 | D:4      | 3018 ||| READING scroll labelled KUELAI POSMOM JIX.
  3021 | D:4      | 3021 ||| READING 2 scrolls of identify.
  3021 | D:4      | 3021 ||| IDENTIFYING red potion
  3022 | D:4      | 3022 ||| DROPPING potion of enlightenment.
  3037 | D:5      | Entered Level 5 of the Dungeon
  3037 | D:5      | Noticed an orc warrior
  3039 | D:5      | 3039 ||| STAIRDANCE
  3042 | D:4      | HP: 8/39 [orc/+0 dagger (2)]
  3044 | D:4      | Slain by an orc warrior

Levels and vault maps discovered:
D:1:      minmay_arrival_widening_spiral_narrow, layout_basic,
          ebering_ecumenical_altar_sacrificial
D:2:      layout_basic, serial_forest, infiniplex_forest_clump_long,
          infiniplex_forest_lined_2, infiniplex_forest_corner_2,
          infiniplex_forest_lined_4_way, infiniplex_forest_straight_2,
          infiniplex_forest_diagonal, infiniplex_forest_clump_C,
          infiniplex_forest_clump_medium
D:3:      layout_loops_ring, gammafunk_temple_overflow_wave, serial_shops, shop
D:4:      layout_loops_ring, trog_three_pillars_becter,
          grunt_temple_overflow_diamond, minmay_temple_entry_mini_moons
D:5:      layout_cave_pools, minivault_26
Temple:   nicolae_temple_no_exploring_needed

Skill      XL: |  1  2  3  4  5  6 |
---------------+-------------------+-----
Armour         | 1 |  1.0
Ranged Weapons | 5 6 |  6.7
Fighting       | 3 4 |  4.4
Dodging        | |  1.5
Stealth        | |  1.1

Action                     |  1- 3 |  4- 6 || total
---------------------------+-------+-------++-------
   Fire: Shortbow          |   130 |    85 ||   215
    Use: Scroll            |     7 |     7 ||    14
         Potion            |     1 |     1 ||     2
 Armour: Leather armour    |    19 |       ||    19
         Ring mail         |    17 |    39 ||    56
  Dodge: Dodged            |    34 |    50 ||    84

Table legend:
 A = Non-vault XP
 B = Vault XP
 C = Vault XP percentage of total XP
 D = Non-vault monster count
 E = Vault monster count
 F = Vault count percentage of total count
                 A         B        C        D         E       F
            +---------+---------+-------+---------+---------+-------
      Total |     504 |       0 |   0.0 |      61 |       0 |   0.0
            +---------+---------+-------+---------+---------+-------
        D:1 |      28 |       0 |   0.0 |      17 |       0 |   0.0
        D:2 |      42 |       0 |   0.0 |      15 |       0 |   0.0
        D:3 |      56 |       0 |   0.0 |      10 |       0 |   0.0
        D:4 |     378 |       0 |   0.0 |      19 |       0 |   0.0
            +---------+---------+-------+---------+---------+-------
